 Dungeon Crawl Stone Soup version 0.29.0-4-gdea44cf6ec (webtiles) character file.

Game seed: 5230651742532985889

46 qw the Chopper (level 3, 0/21 HPs)
             Began as a Tengu Warper on Aug 28, 2022.
             Succumbed to an adder's poison
             ... on level 2 of the Dungeon.
             The game lasted 00:00:06 (1088 turns).

qw the Chopper (Tengu Warper)                       Turns: 1088, Time: 00:00:06

Health: 0/21       AC:  4    Str: 13    XL:     3   Next: 66%
Magic:  3/7        EV: 12    Int: 13    God:
Gold:   81         SH:  0    Dex: 13    Spells: 6/6 levels left

rFire   . . .      SeeInvis .   Y - +0 hand axe
rCold   . . .      Faith    .   (no shield)
rNeg    . . .      Spirit   +   b - +0 leather armour
rPois   .          Reflect  .   (helmet restricted)
rElec   .          Harm     .   j - +0 cloak
rCorr   .          Rampage  .   (no gloves)
Will    .....                   (boots unavailable)
Stlth   +.........              k - amulet of guardian spirit
HPRegen 0.07/turn               (no ring)
MPRegen 0.10/turn               (no ring)

@: lethally poisoned (0 -> -7)
A: beak, talons 3
a: no special abilities


You were on level 2 of the Dungeon.
You visited 1 branch of the dungeon, and saw 2 of its levels.

You collected 81 gold pieces.


Innate Abilities, Weirdness & Mutations

You have a beak for a mouth.
You have claws for feet.


   Skills:
 - Level 2.0 Fighting
 + Level 4.3 Axes
 - Level 1.0 Throwing
 - Level 1.1 Armour
 - Level 2.1 Dodging
 - Level 2.0 Spellcasting
 - Level 2.4 Translocations


You had 6 spell levels left.
You didn't know any spells.
Your spell library contained the following spells:

 Spells                   Type           Power      Damage    Failure   Level
 Blink                    Tloc           14%        N/A       19%         2
 Gell's Gravitas          Tloc           7%         N/A       36%         3
 Lesser Beckoning         Tloc           7%         N/A       36%         3
 Teleport Other           Tloc           7%         N/A       36%         3
 Manifold Assault         Tloc           7%         N/A       98%         5

Inventory:

Hand Weapons
 g - a +0 whip
 Y - a +0 hand axe (weapon)
Armour
 b - a +0 leather armour (worn)
 j - a +0 cloak (worn)
Jewellery
 k - an amulet of guardian spirit (around neck)
Scrolls
 a - a scroll of identify
 c - a scroll of torment {unknown}
Potions
 d - a potion of resistance {unknown}
 e - a potion of brilliance {unknown}
 f - a potion of degeneration {unknown}
 i - a potion of curing {unknown}

Dungeon Overview and Level Annotations

Branches:
Dungeon (2/15)

Altars:


Message History

You hit the frilled lizard but do no damage.
You hit the adder. The adder closely misses you.
The frilled lizard completely misses you.
The adder bites you but does no damage.
Your Axes skill increases to level 4!
You hit the adder but do no damage.
The adder is moderately wounded.
You closely miss the frilled lizard. The adder closely misses you.
The frilled lizard closely misses you.
You barely miss the adder. You claw the adder, but do no damage.
The adder is moderately wounded.
You barely miss the frilled lizard. The adder bites you but does no damage.
The frilled lizard closely misses you. The adder bites you.
You hit the adder. Your peck misses the adder.
The adder is severely wounded.
You hit the frilled lizard.
You kill the frilled lizard!
The adder bites you.
You are poisoned.
The adder poisons you!
You hit the adder.
The adder is almost dead.
You feel sick. The adder bites you.
You are more poisoned.
The adder poisons you! The adder bites you.
You are more poisoned.
The adder poisons you!
You closely miss the adder.
The adder is almost dead.
You feel very sick. The adder closely misses you.
You hit the adder.
You kill the adder!
You feel sick.
There is a lethal amount of poison in your body!
You feel sick.
There is a lethal amount of poison in your body!
You die...

..$.. ## ##.....
.####.......
.........
.......
#####.#..###
#..........##.
#%@.......##
#.##.#.#....
#....>.#..##
#.###.#.#.......
#.......#.......
#####...........
##.>........
#..))......
#..#.....##


There were no monsters in sight!

Vanquished Creatures
  2 adders (D:2)
  2 dart slugs (D:1)
  2 endoplasms (D:1)
  2 giant cockroaches (D:1)
  3 kobolds (D:1)
  2 bats (D:1)
  3 frilled lizards
  4 goblins
  5 rats (D:1)
25 creatures vanquished.

Notes
Turn   | Place    | Note
-------+----------+-------------------------------------------
     0 | D:1      | qw the Tengu Warper began the quest for the Orb.
     0 | D:1      | Reached XP level 1. HP: 12/12 MP: 4/4
     0 | D:1      | 0 ||| qw: Version: 0.1-a-89-g26bdef1
     0 | D:1      | 0 ||| qw: Game counter: 1286
     0 | D:1      | 0 ||| qw: Always use a shield: true
     0 | D:1      | 0 ||| qw: God list: Okawaru
     0 | D:1      | 0 ||| qw: Allow faded altars: false
     0 | D:1      | 0 ||| qw: Do Orc after D:15 true
     0 | D:1      | 0 ||| qw: Do second Lair branch before Depths: true
     0 | D:1      | 0 ||| qw: Lair rune preference: random
     0 | D:1      | 0 ||| qw: Plans: Normal
     0 | D:1      | 0 ||| PLANNING D:1-11
    56 | D:1      | 56 ||| Stepping ~*~*~tactically~*~*~ (hiding).
   107 | D:1      | Reached XP level 2. HP: 17/17 MP: 6/6
   120 | D:1      | 120 ||| Stepping ~*~*~tactically~*~*~ (stealth).
   123 | D:1      | Reached skill level 3 in Axes
   831 | D:1      | 831 ||| Stepping ~*~*~tactically~*~*~ (stealth).
   832 | D:1      | 832 ||| Stepping ~*~*~tactically~*~*~ (stealth).
   925 | D:1      | 925 ||| UPGRADING to +0 cloak.
   930 | D:1      | 930 ||| UPGRADING to amulet of guardian spirit.
   935 | D:1      | 935 ||| DROPPING amulet of magic regeneration.
   936 | D:1      | 936 ||| READING 2 scrolls labelled MIXTIGUUM DOMU.
   937 | D:1      | 937 ||| DROPPING scroll of blinking.
   998 | D:2      | 998 ||| STAIRDANCE
  1003 | D:2      | 1003 ||| STAIRDANCE
  1010 | D:1      | Reached XP level 3. HP: 19/21 MP: 3/7
  1066 | D:2      | 1066 ||| DROPPING +0 club.
  1081 | D:2      | Reached skill level 4 in Axes
  1086 | D:2      | HP: 4/21 [poisoned by an adder]
  1088 | D:2      | Succumbed to an adder's poison

Levels and vault maps discovered:
D:1:      dpeg_arrival_boxes_within_box, layout_basic
D:2:      wander_river, layout_basic, basic_altar, uniq_jessica, uniq_robin,
          uniq_sigmund

Skill      XL: |  1  2  3 |
---------------+----------+-----
Axes           | 3 4 |  4.3
Fighting       | |  2.0
Throwing       | |  1.0
Armour         | |  1.1
Dodging        | |  2.1
Spellcasting   | |  2.0
Translocations | |  2.4

Action                   || total
-------------------------++-------
Melee: Hand axe          ||    54
       Kick              ||    14
       Peck              ||     9
Throw: Boomerang         ||     7
  Use: Scroll            ||     1
Armor: Leather armour    ||    20
Dodge: Dodged            ||    32

Table legend:
 A = Non-vault XP
 B = Vault XP
 C = Vault XP percentage of total XP
 D = Non-vault monster count
 E = Vault monster count
 F = Vault count percentage of total count
                 A         B        C        D         E       F
            +---------+---------+-------+---------+---------+-------
      Total |      64 |       2 |   3.0 |      24 |       1 |   4.0
            +---------+---------+-------+---------+---------+-------
        D:1 |      35 |       0 |   0.0 |      21 |       0 |   0.0
        D:2 |      29 |       2 |   6.5 |       3 |       1 |  25.0
            +---------+---------+-------+---------+---------+-------
